 Dungeon Crawl Stone Soup version 0.24.0-37-gcf1ca852f1 (webtiles) character file.

Game seed: 13183487790879387315, levelgen mode: deterministic

127 Iamsoldier the Charmwright (level 5, -2/43 HPs)
             Began as a Gnoll Skald on Nov 22, 2019.
             Slain by a gnoll
             ... wielding a +0 halberd
              (12 damage)
             ... on level 3 of the Dungeon.
             The game lasted 00:04:32 (1336 turns).

Iamsoldier the Charmwright (Gnoll Skald)            Turns: 1336, Time: 00:04:32

Health: -2/43      AC:  3    Str: 14    XL:     5   Next: 11%
Magic:  0/12       EV: 14    Int: 16    God:
Gold:   98         SH:  0    Dex: 14    Spells: 5/14 levels left

rFire    . . .     SeeInvis .   a - +0 spear
rCold    . . .     Gourm    .   (no shield)
rNeg     . . .     Faith    .   b - +0 leather armour
rPois    .         Spirit   .   (no helmet)
rElec    .         Reflect  .   (no cloak)
rCorr    .         Harm     .   (no gloves)
MR       .....                  (no boots)
Stlth    ++........             (no amulet)
HPRegen  0.14/turn              (no ring)
MPRegen  0.13/turn              (no ring)

@: infused, very slightly contaminated
A: distributed training, fangs 1, strong nose
a: no special abilities


You were on level 3 of the Dungeon.
You were hungry.

You visited 1 branch of the dungeon, and saw 3 of its levels.

You collected 98 gold pieces.

Inventory:

Hand Weapons
 a - a +0 spear (weapon)
Armour
 b - a +0 leather armour (worn)
Wands
 p - a wand of disintegration (9)
Scrolls
 c - a scroll of immolation {unknown}
 h - 2 scrolls of amnesia {unknown}
 j - 2 scrolls of remove curse {unknown}
 k - a scroll of enchant armour {unknown}
 l - 3 scrolls of teleportation {unknown}
 n - a scroll of fear {unknown}
 o - a scroll of identify {unknown}
 q - 2 scrolls of magic mapping {unknown}
 r - a scroll of enchant weapon {unknown}
Potions
 e - a potion of agility {unknown}
 f - a potion of brilliance {unknown}
 i - a potion of degeneration {unknown}
 m - a potion of flight {unknown}
Comestibles
 d - 5 rations
 g - a chunk of flesh


   Skills:
 + Level 4.7 Fighting
 + Level 1.3 Short Blades
 + Level 1.3 Long Blades
 + Level 1.3 Axes
 + Level 1.3 Maces & Flails
 + Level 4.7 Polearms
 + Level 1.3 Staves
 + Level 1.3 Slings
 + Level 1.3 Bows
 + Level 1.3 Crossbows
 + Level 1.3 Throwing
 + Level 2.8 Armour
 + Level 4.7 Dodging
 + Level 1.3 Stealth
 + Level 1.3 Shields
 + Level 1.3 Unarmed Combat
 + Level 5.1 Spellcasting
 + Level 1.0 Conjurations
 + Level 1.0 Hexes
 + Level 5.5 Charms
 + Level 1.0 Summonings
 + Level 1.0 Necromancy
 + Level 1.0 Translocations
 + Level 1.0 Transmutations
 + Level 1.0 Fire Magic
 + Level 1.0 Ice Magic
 + Level 1.0 Air Magic
 + Level 1.0 Earth Magic
 + Level 1.0 Poison Magic
 + Level 1.4 Invocations
 + Level 1.3 Evocations


You had 5 spell levels left.
You knew the following spells:

 Your Spells              Type           Power        Failure   Level  Hunger
a - Infusion              Chrm           ###.         1%          1    None
b - Shroud of Golubria    Chrm/Tloc      ##....       7%          2    #......
c - Spectral Weapon       Hex/Chrm       ##......     14%         3    ###....
d - Regeneration          Chrm/Necr      ##........   14%         3    ###....

Your spell library contained the following spells:

 Spells                   Type           Power        Failure   Level  Hunger
 Song of Slaying          Chrm           ###.....     3%          2    #......


Dungeon Overview and Level Annotations

Branches:
Dungeon (3/15)

Altars:
Uskayaw


Innate Abilities, Weirdness & Mutations

Your experience applies equally to all skills.
You have very sharp teeth.
Your uncanny sense of smell can sniff out nearby items.


Message History

Your spectral weapon barely misses the gnoll.
The gnoll barely misses you.
You barely miss the gnoll.
The gnoll is heavily wounded.
Your spectral weapon hits the gnoll!
You kill the gnoll!
You have reached level 5!
The gnoll hits you but does no damage.
You closely miss the gnoll.
Your spectral weapon hits the gnoll.
The gnoll hits you. The gnoll completely misses you.
You hit the gnoll! Your bite misses the gnoll.
The gnoll is severely wounded.
Your spectral weapon barely misses the gnoll.
The gnoll closely misses you.
The gnoll hits you from afar with a +0 halberd!
* * * LOW HITPOINT WARNING * * *
You hit the gnoll!
You kill the gnoll!
The gnoll hits you with a +0 halberd!
You die...

...........#
...........#
...........#
..[........#
...........#
...........#
...........#
?......$..g###
...........@(#######
...................#
...................#
...................#
###.#..#############
∆...#.. ..##..> $.
####


You could see a gnoll and a friendly spectral +0 spear.

Vanquished Creatures
  A bullfrog skeleton (D:2)
  4 adders (D:2)
  2 gnolls (D:3)
  4 worms (D:2)
  A dart slug (D:1)
  3 giant cockroaches (D:2)
  2 hobgoblins
  A ball python (D:2)
  3 bats (D:2)
  4 frilled lizards
  5 goblins
  4 kobolds
  4 rats
38 creatures vanquished.

Notes
Turn   | Place    | Note
-------+----------+-------------------------------------------
     0 | D:1      | Iamsoldier the Gnoll Skald began the quest for the Orb.
     0 | D:1      | Reached XP level 1. HP: 20/20 MP: 6/6
   311 | D:1      | Reached XP level 2. HP: 26/26 MP: 5/7
   324 | D:1      | Learned a level 2 spell: Shroud of Golubria
   654 | D:2      | Reached XP level 3. HP: 30/31 MP: 3/9
   659 | D:2      | Learned a level 3 spell: Spectral Weapon
   663 | D:2      | Learned a level 3 spell: Regeneration
   719 | D:2      | Reached skill level 5 in Spellcasting
   780 | D:2      | Found a faded altar of an unknown god.
   785 | D:2      | Noticed a +0 dagger
   786 | D:2      | Noticed a -3 dagger
   790 | D:2      | Reached skill level 1 in Invocations
   842 | D:2      | Reached skill level 1 in Short Blades
   842 | D:2      | Reached skill level 1 in Long Blades
   842 | D:2      | Reached skill level 1 in Axes
   842 | D:2      | Reached skill level 1 in Maces & Flails
   842 | D:2      | Reached skill level 1 in Staves
   842 | D:2      | Reached skill level 1 in Slings
   842 | D:2      | Reached skill level 1 in Bows
   842 | D:2      | Reached skill level 1 in Crossbows
   842 | D:2      | Reached skill level 1 in Throwing
   842 | D:2      | Reached skill level 1 in Stealth
   842 | D:2      | Reached skill level 1 in Shields
   842 | D:2      | Reached skill level 1 in Unarmed Combat
   842 | D:2      | Reached skill level 1 in Evocations
   842 | D:2      | Reached XP level 4. HP: 31/38 MP: 0/11
  1047 | D:2      | Reached skill level 1 in Conjurations
  1047 | D:2      | Reached skill level 1 in Hexes
  1047 | D:2      | Reached skill level 1 in Summonings
  1047 | D:2      | Reached skill level 1 in Necromancy
  1047 | D:2      | Reached skill level 1 in Translocations
  1047 | D:2      | Reached skill level 1 in Transmutations
  1047 | D:2      | Reached skill level 1 in Fire Magic
  1047 | D:2      | Reached skill level 1 in Ice Magic
  1047 | D:2      | Reached skill level 1 in Air Magic
  1047 | D:2      | Reached skill level 1 in Earth Magic
  1047 | D:2      | Reached skill level 1 in Poison Magic
  1178 | D:2      | Found a hide-covered altar of Uskayaw.
  1332 | D:3      | Reached XP level 5. HP: 28/43 MP: 1/12
  1336 | D:3      | Slain by a gnoll

Levels and vault maps discovered:
D:1:      co_arrival_square_in_a_square_in_a_square, layout_basic
D:2:      layout_rooms, dancing_weapons_uskayaw,
          chequers_ecumenical_altar_simple_redux, first_ration,
          kennysheep_generic_room_16
D:3:      layout_basic, ashenzari_altar_1, grunt_qazlal_clouds

Skill      XL: |  1  2  3  4 |
---------------+-------------+-----
Spellcasting   | 5 |  5.1
Invocations    | 1 |  1.4
Short Blades   | 1 |  1.3
Long Blades    | 1 |  1.3
Axes           | 1 |  1.3
Maces & Flails | 1 |  1.3
Staves         | 1 |  1.3
Slings         | 1 |  1.3
Bows           | 1 |  1.3
Crossbows      | 1 |  1.3
Throwing       | 1 |  1.3
Stealth        | 1 |  1.3
Shields        | 1 |  1.3
Unarmed Combat | 1 |  1.3
Evocations     | 1 |  1.3
Conjurations   | 1 |  1.0
Hexes          | 1 |  1.0
Summonings     | 1 |  1.0
Necromancy     | 1 |  1.0
Translocations | 1 |  1.0
Transmutations | 1 |  1.0
Fire Magic     | 1 |  1.0
Ice Magic      | 1 |  1.0
Air Magic      | 1 |  1.0
Earth Magic    | 1 |  1.0
Poison Magic   | 1 |  1.0
Fighting       | |  4.7
Polearms       | |  4.7
Armour         | |  2.8
Dodging        | |  4.7
Charms         | |  5.5

Action                   |  1- 3 |  4- 6 || total
-------------------------+-------+-------++-------
Melee: Spear             |    68 |    44 ||   112
       Bite              |     7 |     3 ||    10
 Cast: Infusion          |     9 |     4 ||    13
       Spectral Weapon   |       |     1 ||     1
  Eat: Chunk             |       |     1 ||     1
Armor: Leather armour    |    20 |     5 ||    25
Dodge: Dodged            |    62 |    21 ||    83
